 Dungeon Crawl Stone Soup version 0.16-a0-3330-g2931290 (webtiles) character file.

12609 Chiseanne the Thaumaturge (level 11, -14/68 HPs)
             Began as a Demonspawn Wizard on Dec 28, 2014.
             Was a Priest of Vehumet.
             Hit by a large rock thrown by a cyclops (44 damage)
             ... on level 11 of the Dungeon on Dec 29, 2014.
             The game lasted 01:24:54 (19388 turns).

Chiseanne the Thaumaturge (Demonspawn Wizard)      Turns: 19388, Time: 01:24:54

Health: -14/68     AC: 15    Str:  7    XL:     11   Next: 64%
Magic:  44/49      EV: 11    Int: 26    God:    Vehumet [***...]
Gold:   284        SH:  3    Dex: 11    Spells: 7 memorised, 17 levels left

rFire  + + .     SeeInvis .     d - staff of power
rCold  . . .     Clarity  .     H - +3 leather armour {rN+}
rNeg   + . .     SustAb   .     (no shield)
rPois  .         Gourm    .     f - +0 helmet
rElec  .         Spirit   .     u - +0 cloak
rCorr  .         Warding  .     h - +0 pair of gloves
rMut   .         Stasis   .     I - +2 pair of boots
MR     .....                    v - amulet of faith
Stlth  +.........               Y - +2 ring of intelligence
                                x - ring of protection from fire

@: repel missiles, not resistant to hostile enchantments, very unstealthy
A: talons 2, large bone plates 2, demonic guardian 2, fire resistance 1
a: Renounce Religion


You were on level 11 of the Dungeon.
You worshipped Vehumet.
Vehumet was most pleased with you.
You were not hungry.

You visited 3 branches of the dungeon, and saw 13 of its levels.
You also visited: Sewer and Ossuary.

You collected 914 gold pieces.
You spent 630 gold pieces at shops.

Inventory:

Hand weapons
 a - a +2 mace of venom
 c - the cursed +9 great sword "Hauv" {distort, rElec rC++}
   (You found it on level 11 of the Dungeon)

   It warps and distorts space around it.
   Unwielding it can cause banishment or high damage.
   It greatly protects you from cold.
   It insulates you from electricity.
   It has a curse placed upon it.
 q - the +4 hand crossbow of Prescription {freeze, rElec MR++ Str+3}
   (You found it on level 8 of the Dungeon)

   It turns projectiles fired from it into bolts of frost.
   It affects your strength (+3).
   It insulates you from electricity.
   It affects your resistance to hostile enchantments.
 w - a +1 blowgun
Missiles
 k - 96 poisoned needles
 t - 16 bolts of frost
 B - 50 bolts
Armour
 f - a +0 helmet (worn)
 h - a +0 pair of gloves (worn)
 u - a +0 cloak (worn)
 H - a +3 leather armour of positive energy (worn)
 I - a +2 pair of boots (worn)
Magical staves
 d - an uncursed staff of power (weapon)
Jewellery
 v - an amulet of faith (around neck)
 x - a ring of protection from fire (left hand)
 Y - a +2 ring of intelligence (right hand)
Magical devices
 b - a wand of draining (5)
Scrolls
 i - a scroll of enchant armour
 n - 7 scrolls of teleportation
 C - 2 scrolls of fear
 E - 2 scrolls of magic mapping
 F - 3 scrolls of fog
 T - 2 scrolls of silence
 X - 3 scrolls of identify
Potions
 m - 2 potions of lignification
 o - 7 potions of might
 p - 4 potions of heal wounds
 r - 2 potions of magic
 s - a potion of flight
 G - a potion of invisibility
 M - 5 potions of curing
 W - a potion of agility
Books
 e - a book of Fire

   Spells                             Type                      Level
   a - Ignite Poison                  Fire/Transmutation           5
   b - Fireball                       Conjuration/Fire             5
   c - Bolt of Fire                   Conjuration/Fire             6
   d - Delayed Fireball               Conjuration/Fire             7
   e - Ring of Flames                 Charms/Fire                  7
Comestibles
 j - 7 bread rations
 J - 17 fruits
 L - 3 royal jellies
 N - 8 slices of pizza
 R - 2 beef jerkies
 S - 5 meat rations


   Skills:
 - Level 1.7 Dodging
 - Level 1.7 Stealth
 * Level 12.9 Spellcasting
 * Level 12.2 Conjurations
   Level 1.0 Summonings
 - Level 0.8 Translocations


You had 17 spell levels left.
You knew the following spells:

 Your Spells              Type           Power        Failure   Level  Hunger
a - Magic Dart            Conj           ####         1%          1    None
b - Force Lance           Conj/Tloc      ######..     1%          4    None
c - Stone Arrow           Conj/Erth      #####.       1%          3    None
d - Mephitic Cloud        Conj/Pois/Air  #####...     1%          3    None
e - Blink                 Tloc           N/A          3%          2    None
f - Conjure Flame         Conj/Fire      #####...     1%          3    None
g - Repel Missiles        Chrm/Air       ###...       6%          2    None


Dungeon Overview and Level Annotations

Branches:
Dungeon (11/15)            Temple (1/1) D:5            Lair (1/8) D:10
    Orc: D:9-12

Altars:
Ashenzari
Cheibriados
Dithmenos
Elyvilon
Fedhas
Gozag
Kikubaaqudgha
Makhleb
Nemelex Xobeh
Okawaru
Qazlal
Ru
Sif Muna
Trog
Vehumet
Xom
Yredelemnul
Zin
The Shining One

Shops:
D:5 (?   D:8 [   D:11 =


Innate Abilities, Weirdness & Mutations

You have razor-sharp toenails.
You are mostly covered in large bone plates (AC +3, SH +3).
A demonic guardian rushes to your aid.
Your flesh is heat resistant.


Message History

Anything else - Stay silent.
Gang up on whom?
Press: ? - help, Dir - move target cursor, f/p - cyclops
Aim: a cyclops (noxious fumes, lightly wounded) Attack!
The cyclops is engulfed in noxious fumes.
Unknown command.
Casting: Mephitic Cloud
Confirm with . or Enter, or press ? or * to list all spells.
Aiming: Mephitic Cloud
Press: ? - help, Shift-Dir - straight line, f/p - cyclops
Aim: a cyclops (noxious fumes, lightly wounded)
The ball explodes into a vile cloud!
The stinking cloud engulfs the cyclops.
The cyclops is lightly wounded.
The cyclops is engulfed in noxious fumes.
The cyclops throws a large rock.
The large rock closely misses your sun demon.
The large rock hits you!!!
Ouch! That really hurt!
You die...

#........#.##
.########)..####
...............#
.########...##.#
.# ###.###.# .#
#.....#.# .####
#.....#.# ....#
#.....#.####
###.#
#.....#..@(# #.#
#)....####.# #.#
#.##### #3#
###.# #.# #C#
...[####.# #ยง#
.........# #.#
########## #.#
####### #.#
......# ..#


You could see a cyclops and a friendly sun demon.

Vanquished Creatures
  The ghost of Chiseanne the Thaumaturge, an experienced DsWz of Gozag (D:8)
  The ghost of SnowFan the Thaumaturge, an experienced DEFE (D:4)
  A spiny frog (Lair:1)
  A komodo dragon (Lair:1)
  2 fire drakes
  A two-headed ogre (D:10)
  A troll (D:10)
  A trapdoor spider (D:11)
  A wyvern (D:11)
  5 yaks
  4 hippogriffs
  4 wolves (D:8)
  A water moccasin (D:7)
  A black bear (D:9)
  A necrophage (D:8)
  4 ice beasts
  3 slaves
  4 orc warriors
  4 sky beasts
  2 yellow wasps
  4 ogres
  6 centaurs
  4 big kobolds
  Blork the orc (D:4)
  A gnoll sergeant (D:7)
  10 giant frogs
  3 scorpions
  11 wights
  5 killer bees (D:10)
  5 jellies
  8 crimson imps
  A giant frog zombie (D:9)
  4 hounds
  4 centaur zombies
  4 centaur skeletons
  3 giant frog skeletons
  5 iguanas
  2 orc priests
  13 worker ants
  5 orc wizards
  A killer bee zombie (D:6)
  A sheep (D:8)
  2 big kobold zombies (Ossuary)
  2 mummies (Ossuary)
  A hound zombie (D:4)
  A worker ant zombie (D:5)
  Robin (D:4)
  16 gnolls
  20 adders
  5 river rats (Sewer)
  2 giant mites
  3 shadow imps
  4 worms
  2 adder skeletons (D:5)
  4 giant geckos
  3 oozes
  32 orcs
  6 ball pythons
  20 bats
  A bat skeleton (D:6)
  9 giant cockroaches
  10 hobgoblins
  12 jackals
  44 kobolds
  11 quokkas
  A giant cockroach zombie (D:7)
  2 giant gecko skeletons
  8 giant newts
  A giant spore (D:7)
  23 goblins
  5 goblin zombies
  2 hobgoblin zombies (Ossuary)
  4 orc zombies (Ossuary)
  36 rats
  A rat zombie (D:6)
  6 ballistomycetes (D:7)
  A fungus (Lair:1)
445 creatures vanquished.

Vanquished Creatures (collateral kills)
  A hydra (D:8)
  Pikel (D:4)
  2 hill giants (D:11)
  A spiny frog (Lair:1)
  Grum (D:8)
  A slave (D:4)
  A centaur (D:11)
  2 big kobolds (D:8)
  A crimson imp (D:7)
  An iguana (Lair:1)
  A jelly (D:6)
  A sheep (D:8)
  2 gnolls
  An adder (D:6)
  2 orcs
  A hobgoblin (D:4)
  A giant gecko skeleton (D:6)
  A giant newt (D:6)
  A quokka skeleton (D:7)
23 creatures vanquished.

Vanquished Creatures (others)
  An ice devil (Lair:1)
  A sixfirhy (D:8)
  A smoke demon (D:10)
  A killer bee (D:10)
  3 crimson imps
  5 iron imps
  A quasit (D:5)
  7 white imps
  5 ufetubi
  A quokka (D:9)
  2 plants (D:8)
28 creatures vanquished.

Grand Total: 496 creatures vanquished

Notes
Turn   | Place    | Note
--------------------------------------------------------------
     0 | D:1      | Chiseanne, the Demonspawn Wizard, began the quest for the Orb.
     0 | D:1      | Reached XP level 1. HP: 13/13 MP: 4/4
   422 | D:1      | Gained mutation: Your flesh is heat resistant. [demonic ancestry]
   422 | D:1      | Reached XP level 2. HP: 19/19 MP: 0/6
  1000 | D:1      | Gained mutation: You have sharp toenails. [demonic ancestry]
  1000 | D:1      | Reached XP level 3. HP: 24/24 MP: 5/8
  1207 | D:1      | Learned a level 3 spell: Conjure Flame
  1211 | D:1      | Learned a level 3 spell: Mephitic Cloud
  1214 | D:1      | Learned a level 2 spell: Repel Missiles
  1750 | D:2      | Reached skill level 4 in Spellcasting
  1969 | D:2      | Gained mutation: You have razor-sharp toenails. [demonic ancestry]
  1969 | D:2      | Reached XP level 4. HP: 13/30 MP: 1/11
  2789 | D:2      | Found a stormy altar of Qazlal.
  2791 | D:2      | Found a shadowy altar of Dithmenos.
  2835 | D:2      | Found a shimmering altar of Xom.
  2837 | D:2      | Found a glowing golden altar of the Shining One.
  3284 | D:3      | Reached XP level 5. HP: 35/35 MP: 8/14
  3875 | D:4      | Noticed Robin
  3885 | D:4      | Noticed SnowFan's ghost (experienced DEFE)
  4086 | D:4      | Noticed Pikel
  4086 | D:4      | Noticed a slave
  4086 | D:4      | Noticed a slave
  4086 | D:4      | Noticed a slave
  4086 | D:4      | Noticed a slave
  4109 | D:3      | Killed a slave
  4392 | D:3      | Reached skill level 5 in Spellcasting
  4840 | D:4      | Killed Robin
  5014 | D:4      | Killed SnowFan's ghost
  5014 | D:4      | Reached skill level 6 in Spellcasting
  5014 | D:4      | Reached XP level 6. HP: 28/41 MP: 4/19
  5014 | D:4      | Gained mutation: A weak demonic guardian rushes to your aid. [demonic ancestry]
  5014 | D:4      | Reached XP level 7. HP: 31/46 MP: 4/20
  5569 | D:4      | Found a shattered altar of Ashenzari.
  5842 | D:4      | Reached skill level 5 in Conjurations
  5883 | D:4      | Learned a level 2 spell: Blink
  6187 | D:4      | Killed a slave
  6208 | D:4      | Killed a slave
  6685 | D:3      | Killed a slave
  6758 | D:4      | Killed Pikel
  6758 | D:4      | Reached skill level 7 in Spellcasting
  6758 | D:4      | Gained mutation: You are partially covered in large bone plates (AC +2, SH +2). [demonic ancestry]
  6758 | D:4      | Reached XP level 8. HP: 16/52 MP: 17/23
  7149 | D:4      | Noticed Blork the orc
  7161 | D:4      | Killed Blork the orc
  7239 | D:5      | Entered Level 5 of the Dungeon
  7440 | D:5      | Found Praulia's Antique Weapon Boutique.
  7448 | D:5      | Found a glowing drain.
  7462 | Sewer    | Entered a sewer
  8628 | D:5      | Reached skill level 8 in Spellcasting
  8765 | D:5      | Found Faciemp's Magic Scroll Shop.
  8893 | D:5      | Bought a scroll of identify for 24 gold pieces
  8893 | D:5      | Bought a scroll of remove curse for 36 gold pieces
  8893 | D:5      | Bought a scroll of identify for 24 gold pieces
  8970 | D:5      | Found a staircase to the Ecumenical Temple.
  9036 | Temple   | Entered the Ecumenical Temple
  9368 | D:6      | Gained mutation: You are mostly covered in large bone plates (AC +3, SH +3). [demonic ancestry]
  9368 | D:6      | Reached XP level 9. HP: 57/57 MP: 9/25
  9372 | D:6      | Found a sand-covered staircase.
  9393 | Ossuary  | Entered an ossuary
  9929 | D:5      | Bought a scroll of identify for 24 gold pieces
  9929 | D:5      | Bought a scroll of enchant armour for 90 gold pieces
  9929 | D:5      | Bought a scroll of fear for 42 gold pieces
  9929 | D:5      | Bought a scroll of identify for 24 gold pieces
  9929 | D:5      | Bought a scroll of immolation for 42 gold pieces
  9929 | D:5      | Bought 2 scrolls of magic mapping for 84 gold pieces
  9929 | D:5      | Bought a scroll of fog for 24 gold pieces
  9929 | D:5      | Bought a scroll of fog for 24 gold pieces
 10604 | D:7      | Reached skill level 9 in Spellcasting
 11333 | D:7      | Found a bloodstained altar of Trog.
 11991 | D:7      | Reached skill level 10 in Spellcasting
 12252 | D:8      | Noticed Grum
 12277 | D:8      | Killed Grum
 12302 | D:8      | Found Meschia's Armour Emporium.
 12305 | D:8      | Got a bone hand crossbow
 12340 | D:8      | Noticed Chiseanne's ghost (experienced DsWz)
 12355 | D:8      | Killed Chiseanne's ghost
 12355 | D:8      | Gained mutation: A demonic guardian rushes to your aid. [demonic ancestry]
 12355 | D:8      | Reached XP level 10. HP: 14/63 MP: 9/29
 12751 | D:8      | Reached skill level 10 in Conjurations
 13103 | D:8      | Reached skill level 11 in Spellcasting
 13475 | D:8      | Identified the +4 hand crossbow of Prescription {freeze, rElec MR++ Str+3} (You found it on level 8 of the Dungeon)
 13853 | D:8      | Noticed a two-headed hydra
 13855 | D:8      | Killed a two-headed hydra
 14533 | D:9      | Found a white marble altar of Elyvilon.
 14703 | D:9      | Found a radiant altar of Vehumet.
 14711 | D:9      | Became a worshipper of Vehumet
 15268 | D:9      | Acquired Vehumet's first power
 15268 | D:9      | Offered knowledge of Freeze by Vehumet.
 15508 | D:10     | Entered Level 10 of the Dungeon
 15528 | D:10     | Reached XP level 11. HP: 38/68 MP: 31/31
 15762 | D:10     | Found a staircase to the Lair.
 15799 | D:10     | Reached skill level 12 in Spellcasting
 15965 | D:8      | Bought a +2 leather armour of positive energy for 192 gold pieces
 16369 | D:10     | Offered knowledge of Flame Tongue by Vehumet.
 16814 | D:10     | Paralysed by a yellow wasp for 1 turns
 17476 | Lair:1   | Entered Level 1 of the Lair of Beasts
 18165 | Lair:1   | Got a pair of distressingly furry boots
 18324 | Lair:1   | Identified the cursed -5 pair of boots of Leaves {Str+3 Int-5} (You found it on level 1 of the Lair of Beasts)
 18451 | Lair:1   | Offered knowledge of Stone Arrow by Vehumet.
 18456 | Lair:1   | Learned a level 3 spell: Stone Arrow
 18768 | D:11     | Found Cunaseis' Jewellery Emporium.
 18802 | D:11     | Got a fine great sword
 18817 | D:11     | Identified the cursed +9 great sword "Hauv" {distort, rElec rC++} (You found it on level 11 of the Dungeon)
 18858 | D:11     | Acquired Vehumet's second power
 18874 | D:11     | Noticed a hill giant
 18885 | D:11     | Killed a hill giant
 19090 | D:11     | Noticed a hill giant
 19098 | D:11     | Offered knowledge of Force Lance by Vehumet.
 19098 | D:11     | Killed a hill giant
 19104 | D:11     | Learned a level 4 spell: Force Lance
 19388 | D:11     | Hit by a large rock thrown by a cyclops

Action                   |  1- 3 |  4- 6 |  7- 9 | 10-12 || total
-------------------------+-------+-------+-------+-------++-------
Melee: Unarmed           |     3 |       |       |       ||     3
       Mace              |    14 |    25 |   107 |    46 ||   192
       Staff             |       |       |    12 |       ||    12
 Fire: Blowgun           |       |       |       |    52 ||    52
       Hand crossbow     |       |       |       |    14 ||    14
 Cast: Magic Dart        |    86 |   143 |   693 |   557 ||  1479
       Repel Missiles    |     1 |     1 |     3 |     3 ||     8
       Mephitic Cloud    |       |     5 |    23 |    24 ||    52
       Conjure Flame     |       |     2 |    20 |    44 ||    66
       Blink             |       |       |     2 |     8 ||    10
       Stone Arrow       |       |       |       |    24 ||    24
       Force Lance       |       |       |       |     3 ||     3
Evoke: Wand              |       |       |       |    18 ||    18
  Use: Scroll            |       |     9 |    11 |    12 ||    32
 Stab: Confused          |       |     2 |     2 |     2 ||     6
  Eat: Chunk             |     3 |     8 |    19 |    22 ||    52
       Beef jerky        |       |     1 |       |       ||     1
       Fruit             |       |       |     2 |     3 ||     5
       Pizza             |       |       |     1 |       ||     1
